 Dungeon Crawl Stone Soup version 0.20.1-2-g1830e616b0 (webtiles) character file.

24815 Alfie the Marksminotaur (level 12, -5/116 HPs)
             Began as a Minotaur Hunter on Feb 11, 2020.
             Slain by an orc warrior
             ... wielding a +0 scimitar
              (20 damage)
             ... on level 2 of the Orcish Mines.
             The game lasted 01:03:07 (13685 turns).

Alfie the Marksminotaur (Minotaur Hunter)          Turns: 13685, Time: 01:03:07

Health: -5/116     AC:  9    Str: 24    XL:     12   Next: 84%
Magic:  11/11      EV: 21    Int:  6    God:
Gold:   929        SH:  0    Dex: 13    Spells: 11/11 levels left

rFire    + . .     SeeInvis .   b - +2 short sword
rCold    . . .     Gourm    .   (no shield)
rNeg     . . .     Faith    .   c - +3 leather armour
rPois    .         Spirit   .   (helmet restricted)
rElec    .         Reflect  .   w - +1 cloak
rCorr    .         Harm     .   (no gloves)
MR       .....     Clarity  +   (no boots)
Stlth    ++........             A - amulet of regeneration
Regen    0.7/turn               r - +5 ring of evasion
MPRegen  0.2/turn               y - +2 ring of strength

@: lethally poisoned (-5 -> -5)
A: retaliatory headbutt, horns 2, clarity, dopey 1, fire resistance 1, strong 1
a: no special abilities


You were on level 2 of the Orcish Mines.
You were full.

You visited 4 branches of the dungeon, and saw 18 of its levels.
You also visited: Sewer.

You collected 1157 gold pieces.
You spent 228 gold pieces at shops.

Inventory:

Hand Weapons
 a - a +3 shortbow
 b - a +2 short sword (weapon)
Missiles
 d - 43 arrows
Armour
 c - a +3 leather armour (worn)
 m - a +0 pair of boots
 w - a +1 cloak (worn)
Jewellery
 i - an uncursed ring of fire
 o - an uncursed amulet of magic regeneration {unknown}
 p - an uncursed ring of flight
 r - a +5 ring of evasion (left hand)
 u - an uncursed ring of wizardry {unknown}
 y - a +2 ring of strength (right hand)
 z - an uncursed amulet of magic regeneration {unknown}
 A - an amulet of regeneration (around neck)
 B - an uncursed ring of see invisible {unknown}
Wands
 e - a wand of digging (18/24)
 g - a wand of disintegration (21/24)
 C - a wand of acid (3/15)
 F - a wand of iceblast (9/15)
 L - a wand of clouds (2/9)
 N - a wand of random effects (38/48)
 O - a wand of confusion (31/48)
 T - a wand of lightning (6/15)
Scrolls
 l - 2 scrolls of fog
 t - 8 scrolls of remove curse
 E - a scroll of blinking
 I - a scroll of fear
 J - a scroll of amnesia
 P - a scroll of identify
 R - 4 scrolls of immolation
 S - a scroll of recharging
Potions
 h - a potion of cancellation {unknown}
 j - 2 potions of ambrosia {unknown}
 k - a potion of magic {unknown}
 n - 4 potions of haste
 v - 4 potions of might {unknown}
 x - 5 potions of curing
 G - 2 potions of flight {unknown}
 H - 3 potions of brilliance {unknown}
 K - 2 potions of invisibility {unknown}
 M - 2 potions of mutation
 Q - 2 potions of resistance {unknown}
Comestibles
 f - 9 bread rations
 q - 16 fruits
 s - 11 royal jellies


   Skills:
 + Level 13.6 Fighting
 + Level 4.1 Short Blades
 + Level 16.7 Bows
 + Level 5.5 Armour
 + Level 7.3 Dodging
 + Level 3.4 Stealth


You had 11 spell levels left.
You didn't know any spells.

Dungeon Overview and Level Annotations

Branches:
Dungeon (10/15)            Temple (0/1) D:6            Lair (5/6) D:9
 Shoals (1/4) Lair:2        Snake (0/4) Lair:4          Orc (2/2) D:10
  Slime: Lair:5-6       Elf: Orc:2

Altars:
Ashenzari

Shops:
D:6 !

Annotations:
D:3 Pikel
Lair:1 exclusion: 3 oklob plants
Orc:1 Jynx's ghost, journeyman GrFi


Innate Abilities, Weirdness & Mutations

You reflexively headbutt those who attack you in melee.
You have a pair of horns on your head.
You possess an exceptional clarity of mind.
You are dopey. (Int -2)
Your flesh is heat resistant. (rF+)
Your muscles are strong. (Str +2)


Message History

The orc misses you.
You hit the orc warrior but do no damage.
The orc warrior is heavily wounded.
The orc warrior hits you with a scimitar!!
* * * LOW HITPOINT WARNING * * *
The orc misses you. x2; You furiously retaliate!
You headbutt the orc!
You kill the orc!
You hit the orc warrior.
The orc warrior is severely wounded.
The orc closely misses you. You furiously retaliate!
You headbutt the orc, but do no damage. The orc warrior barely misses you.
You furiously retaliate!
You headbutt the orc warrior. You closely miss the orc warrior.
You headbutt the orc warrior, but do no damage.
The orc warrior is severely wounded.
You feel sick. The orc closely misses you. The orc misses you.
You puncture the orc warrior!
The orc warrior is almost dead.
The orc warrior hits you with a scimitar!!
You die...

... .....
#..... #......
####......$
##.#........
#...........
##$)oo......
#..o@.$....#..
#.........##..
##............
#.............
##............
#.............
##............
#....<.......
#.........#..


You could see an orc warrior and 2 orcs.

Vanquished Creatures
  Josephine (D:10)
  Harold (Lair:4)
  A hydra (Lair:2)
  The ghost of Viss the Grappler, a novice TrBe of Trog (Lair:1)
  3 two-headed ogres
  A death yak (Lair:4)
  Urug (Lair:4)
  A wolf spider zombie (D:9)
  Maurice (D:9)
  A torpor snail (Lair:3)
  Psyche (D:8)
  3 black mambas
  6 spiny frogs
  A rime drake (Lair:4)
  4 komodo dragons
  A troll (D:9)
  6 hippogriffs
  7 blink frogs (Lair:4)
  A spriggan (Lair:4)
  3 wraiths (D:10)
  5 wyverns
  Sigmund (D:3)
  3 basilisks
  5 yaks (Lair:3)
  3 wargs (D:10)
  A naga (Lair:4)
  8 water moccasins
  2 soldier ants (D:9)
  3 orc warriors
  4 porcupines
  2 sky beasts
  4 ice beasts
  2 slaves (D:4)
  3 phantoms
  A swamp drake (D:9)
  A necrophage (D:7)
  A black bear (D:8)
  13 wolves
  5 ogres
  5 crocodiles
  8 centaurs
  17 bullfrogs
  A wyvern zombie (D:9)
  A scorpion (D:10)
  5 killer bees (D:10)
  A wight (D:10)
  2 howler monkeys (D:7)
  A crimson imp (D:8)
  A centaur zombie (D:6)
  A bullfrog zombie (D:5)
  4 jellies (Lair:5)
  2 orc priests (D:9)
  4 hounds
  7 orc wizards
  An iguana (Lair:1)
  5 worker ants
  A hound zombie (D:5)
  2 hound skeletons
  A worker ant zombie (D:10)
  9 gnolls
  A howler monkey skeleton (D:5)
  12 adders
  A shadow imp (D:6)
  3 oozes
  8 worms
  3 dart slugs
  13 leopard geckos
  24 orcs
  4 ball pythons
  9 giant cockroaches
  11 goblins
  16 hobgoblins
  8 jackals
  3 quokkas
  7 bats
  11 frilled lizards
  2 jackal skeletons
  19 kobolds
  A quokka skeleton (D:7)
  11 rats
358 creatures vanquished.

Vanquished Creatures (others)
  A phantom (D:5)
  A fungus (Lair:4)
  4 plants
6 creatures vanquished.

Grand Total: 364 creatures vanquished

Notes
Turn   | Place    | Note
-------+----------+-------------------------------------------
     0 | D:1      | Alfie the Minotaur Hunter began the quest for the Orb.
     0 | D:1      | Reached XP level 1. HP: 18/18 MP: 0/0
   120 | D:1      | Reached XP level 2. HP: 17/25 MP: 1/1
   237 | D:1      | Reached skill level 5 in Bows
   844 | D:2      | Reached XP level 3. HP: 25/30 MP: 2/2
  1028 | D:2      | Gained mutation: Your muscles are strong. (Str +2) [potion of mutation]
  1028 | D:2      | Gained mutation: You are dopey. (Int -2) [potion of mutation]
  1028 | D:2      | Gained mutation: Your flesh is heat resistant. (rF+) [potion of mutation]
  1028 | D:2      | Gained mutation: You possess an exceptional clarity of mind. [potion of mutation]
  1235 | D:2      | Reached XP level 4. HP: 29/38 MP: 3/3
  1468 | D:2      | Reached skill level 1 in Armour
  1708 | D:3      | Found a faded altar of an unknown god.
  1867 | D:3      | Reached skill level 1 in Stealth
  2082 | D:3      | Reached skill level 6 in Bows
  2118 | D:3      | Noticed Sigmund
  2123 | D:3      | Killed Sigmund
  2123 | D:3      | Reached skill level 7 in Bows
  2123 | D:3      | Reached XP level 5. HP: 35/45 MP: 4/4
  2305 | D:3      | Reached XP level 6. HP: 50/51 MP: 5/5
  2766 | D:4      | Noticed Pikel
  2766 | D:4      | Noticed a slave
  2766 | D:4      | Noticed a slave
  2766 | D:4      | Noticed a slave
  2766 | D:4      | Noticed a slave
  2903 | D:4      | Found a shattered altar of Ashenzari.
  2923 | D:4      | Killed a slave
  3361 | D:4      | Reached skill level 8 in Bows
  3363 | D:4      | Reached XP level 7. HP: 39/59 MP: 6/6
  4027 | D:5      | Entered Level 5 of the Dungeon
  4211 | D:5      | Reached skill level 9 in Bows
  4587 | D:5      | Reached XP level 8. HP: 67/67 MP: 7/7
  4660 | D:5      | Reached skill level 5 in Fighting
  4991 | D:6      | Found Hawuf's Distillery.
  4997 | D:6      | Bought a potion of curing for 36 gold pieces
  4997 | D:6      | Bought a potion of heal wounds for 60 gold pieces
  4997 | D:6      | Bought 2 potions of curing for 72 gold pieces
  4997 | D:6      | Bought a potion of heal wounds for 60 gold pieces
  5043 | D:6      | Reached skill level 10 in Bows
  5172 | D:6      | Found a glowing drain.
  5206 | Sewer    | Entered a sewer
  6399 | D:6      | Found a staircase to the Ecumenical Temple.
  7035 | D:7      | Reached skill level 11 in Bows
  7078 | D:7      | Reached skill level 1 in Short Blades
  7078 | D:7      | Reached XP level 9. HP: 77/77 MP: 8/8
  7526 | D:8      | Noticed Psyche
  7533 | D:8      | Killed Psyche
  7910 | D:9      | Noticed a two-headed ogre
  7921 | D:9      | Killed a two-headed ogre
  7921 | D:9      | Reached skill level 12 in Bows
  8049 | D:9      | Noticed a troll
  8055 | D:9      | Killed a troll
  8095 | D:9      | Reached XP level 10. HP: 88/88 MP: 9/9
  8129 | D:9      | Found a flagged portal.
  8169 | D:9      | Reached skill level 13 in Bows
  8451 | D:9      | Noticed Maurice
  8462 | D:9      | Killed Maurice
  8869 | D:9      | Found a staircase to the Lair.
  8931 | Lair:1   | Entered Level 1 of the Lair of Beasts
  8973 | Lair:1   | Noticed an oklob plant
  8993 | Lair:1   | Noticed an oklob plant
  9004 | Lair:1   | Noticed an oklob plant
  9021 | Lair:1   | Reached skill level 14 in Bows
  9144 | Lair:1   | Noticed a spiny frog
  9155 | Lair:1   | Killed a spiny frog
  9328 | Lair:1   | Noticed Viss's ghost (novice TrBe)
  9359 | Lair:1   | Killed Viss's ghost
  9359 | Lair:1   | Reached skill level 10 in Fighting
  9359 | Lair:1   | Reached XP level 11. HP: 14/99 MP: 10/10
 10072 | Lair:2   | Noticed an eight-headed hydra
 10081 | Lair:2   | Killed an eight-headed hydra
 10215 | Lair:2   | Reached skill level 15 in Bows
 10322 | Lair:2   | Found a staircase to the Shoals.
 10550 | Lair:2   | Reached skill level 5 in Dodging
 10738 | Shoals:1 | Entered Level 1 of the Shoals
 10738 | Shoals:1 | Noticed a merfolk avatar
 11575 | Lair:3   | Reached skill level 5 in Armour
 11703 | Lair:4   | Found a staircase to the Snake Pit.
 11928 | Lair:4   | Noticed Harold
 11955 | Lair:4   | Killed Harold
 11955 | Lair:4   | Reached XP level 12. HP: 74/112 MP: 11/11
 12038 | Lair:4   | Noticed Urug
 12053 | Lair:4   | Killed Urug
 12096 | Lair:4   | Reached skill level 16 in Bows
 12306 | Lair:4   | Noticed a death yak
 12314 | Lair:4   | Killed a death yak
 12433 | Lair:5   | Noticed a six-headed hydra
 12503 | Lair:4   | HP: 4/113 [elephant (9)]
 12761 | D:10     | Entered Level 10 of the Dungeon
 12893 | D:10     | Noticed Josephine
 12911 | D:10     | Killed Josephine
 13134 | D:10     | Noticed a two-headed ogre
 13147 | D:10     | Killed a two-headed ogre
 13205 | D:10     | Noticed a two-headed ogre
 13217 | D:10     | Killed a two-headed ogre
 13250 | D:10     | Found a staircase to the Orcish Mines.
 13595 | Orc:1    | Entered Level 1 of the Orcish Mines
 13629 | Orc:1    | Noticed Jynx's ghost (journeyman GrFi)
 13663 | Orc:2    | Entered Level 2 of the Orcish Mines
 13685 | Orc:2    | Slain by an orc warrior

Skill      XL: |  1  2  3  4  5  6  7  8  9 10 11 12 |
---------------+-------------------------------------+-----
Bows           | 5 7 8 9 11 12 14 15 16 | 16.7
Fighting       | 3 4 6 8 10 12 13 | 13.6
Armour         | 1 2 3 4 5 |  5.5
Stealth        | 1 2 3 |  3.4
Dodging        | 3 4 5 7 |  7.3
Short Blades   | 1 2 4 |  4.1

Action                   |  1- 3 |  4- 6 |  7- 9 | 10-12 || total
-------------------------+-------+-------+-------+-------++-------
Melee: Short sword       |    25 |     6 |    29 |    68 ||   128
       Headbutt          |     5 |     1 |     7 |    28 ||    41
 Fire: Shortbow          |    88 |   153 |   412 |   810 ||  1463
Evoke: Wand              |       |       |     1 |       ||     1
  Use: Potion            |     2 |     1 |     5 |     4 ||    12
       Scroll            |     1 |     7 |    15 |    14 ||    37
  Eat: Meat ration       |     1 |       |     2 |     1 ||     4
       Royal jelly       |       |     1 |     2 |     3 ||     6
       Bread ration      |       |       |     1 |     1 ||     2
       Chunk             |       |       |       |     2 ||     2
Armor: Leather armour    |    12 |    17 |    28 |    62 ||   119
Dodge: Dodged            |    21 |    35 |   109 |   309 ||   474
